 Dungeon Crawl Stone Soup version 0.18.1-1-g2f07953 (webtiles) character file.

182 epen the Insei (level 5, -6/28 HPs)
             Began as a Vine Stalker Monk on May 7, 2016.
             Killed by nerve-wracking pain
             ... invoked by jacquesderrida's ghost
              (9 damage)
             ... on level 4 of the Dungeon.
             The game lasted 00:07:07 (3451 turns).

epen the Insei (Vine Stalker Monk)                  Turns: 3451, Time: 00:07:08

Health: -6/28      AC:  4    Str: 14    XL:     5   Next: 62%
Magic:  0/6        EV: 12    Int: 10    God:
Gold:   178        SH:  0    Dex: 17    Spells: 1 memorised, 3 levels left

rFire  . . .     SeeInvis .       - Unarmed
rCold  . . .     Gourm    .     a - +0 robe
rNeg   . . .     Faith    .     (no shield)
rPois  .         Spirit   +     k - +2 hat
rElec  .         Dismiss  .     (no cloak)
rCorr  .         Reflect  .     (no gloves)
SustAt .         Harm     .     (no boots)
MR     .....                    (no amulet)
Stlth  ++........               (no ring)
                                (no ring)

@: repel missiles, heavily drained, not resistant to hostile enchantments,
unstealthy
A: fangs 2, regeneration 1, magic shield, antimagic bite, no device heal 3, rot
immunity
a: no special abilities


You were on level 4 of the Dungeon.
You were not hungry.

You visited 1 branch of the dungeon, and saw 4 of its levels.
You also visited: Sewer.

You collected 178 gold pieces.

Inventory:

Armour
 a - a +0 robe (worn)
 k - a +2 hat (worn)
Jewellery
 r - a +3 amulet of reflection {unknown}
Wands
 v - a wand of random effects (13/48)
Scrolls
 e - 4 scrolls of identify {unknown}
 f - a scroll of enchant armour {unknown}
 g - 5 scrolls of teleportation {unknown}
 j - 2 scrolls of fog {unknown}
 o - a scroll of recharging {unknown}
 q - a scroll of blinking {unknown}
 t - a scroll of immolation {unknown}
 w - a scroll of remove curse {unknown}
Potions
 c - 2 potions of mutation {unknown}
 d - a potion of heal wounds {unknown}
 i - 3 potions of magic {unknown}
 l - a potion of might {unknown}
 m - 2 potions of flight {unknown}
 n - 3 potions of curing {unknown}
 p - a potion of brilliance {unknown}
 u - a potion of degeneration {unknown}
Books
 h - a book of Air

   Spells                             Type                      Level
   a - Shock                          Conjuration/Air              1
   b - Swiftness                      Charms/Air                   2
   c - Repel Missiles                 Charms/Air                   2
   d - Static Discharge               Conjuration/Air              3
   e - Lightning Bolt                 Conjuration/Air              5
 s - a book of Transfigurations

   Spells                             Type                      Level
   a - Irradiate                      Conjuration/Transmutation    5
   b - Statue Form                    Transmutation/Earth          6
   c - Hydra Form                     Transmutation                6
   d - Dragon Form                    Transmutation                7
Comestibles
 b - 4 bread rations


   Skills:
 + Level 3.3(2.1) Fighting
 + Level 1.0(0.0) Armour
 * Level 3.1(1.9) Dodging
 - Level 3.0(1.8) Stealth
 * Level 4.8(3.6) Unarmed Combat
 + Level 0.6(0.0) Spellcasting
 * Level 1.8(0.6) Air Magic


You had 3 spell levels left.
You knew the following spells:

 Your Spells              Type           Power        Failure   Level  Hunger
a - Repel Missiles        Chrm/Air       #.....       61%         2    ###....


Dungeon Overview and Level Annotations

Branches:
Dungeon (4/15)
 Temple: D:4-7

Altars:
Nemelex Xobeh
Vehumet

Annotations:
D:4 jacquesderrida's ghost, weakling DsNe


Innate Abilities, Weirdness & Mutations

You have extremely sharp teeth.
Your natural rate of healing is unusually fast.
When hurt, damage is shared between your health and your magic reserves.
Your bite disrupts and absorbs the magic of your enemies.
Potions and wands cannot restore your health.
You are immune to rotting.


Message History

You closely miss jacquesderrida's ghost.
Your bite misses jacquesderrida's ghost.
Jacquesderrida's ghost is lightly damaged.
Jacquesderrida's ghost hits you.
You feel drained.
You barely miss jacquesderrida's ghost.
Your bite misses jacquesderrida's ghost.
Jacquesderrida's ghost is lightly damaged.
Jacquesderrida's ghost laughs crazily.
Jacquesderrida's ghost closely misses you.
You hit jacquesderrida's ghost but do no damage.
Jacquesderrida's ghost is lightly damaged.
Jacquesderrida's ghost says, "I died to destroy people like you for fun."
Jacquesderrida's ghost hits you!
* * * LOW HITPOINT WARNING * * *
You feel drained.
* * * LOW HITPOINT WARNING * * *
Jacquesderrida's ghost whispers, "Trust me.
Just give in."
Jacquesderrida's ghost casts a spell at you.
Pain shoots through your body!
You die...

### #.. % #.# . ###
..#####.######## #.. #.#
...........@##.....##W...
...
...........##.#...W.....
#.# .........W##....$#
#.# #...####.........#
#.# #...# #.#####.#.#
#.### #...# #.# #.#.#
....# #...# #.#####.#.#
#.#.####...####.......#.#
..#...##.......########.#


You could see jacquesderrida's ghost.

Vanquished Creatures
  4 gnolls (D:3)
  4 adders
  A river rat (Sewer)
  An ooze (D:1)
  4 worms
  A giant gecko (D:2)
  An orc (D:3)
  6 ball pythons
  9 giant cockroaches
  6 hobgoblins
  6 jackals
  3 quokkas
  6 bats
  11 giant newts
  7 goblins
  4 kobolds
  11 rats
85 creatures vanquished.

Notes
Turn   | Place    | Note
--------------------------------------------------------------
     0 | D:1      | epen the Vine Stalker Monk began the quest for the Orb.
     0 | D:1      | Reached XP level 1. HP: 11/11 MP: 2/2
   175 | D:1      | Reached XP level 2. HP: 16/16 MP: 3/3
   312 | D:1      | Found a sparkling altar of Nemelex Xobeh.
   541 | D:1      | Reached XP level 3. HP: 11/19 MP: 4/4
  1042 | D:2      | Learned a level 2 spell: Repel Missiles
  1236 | D:2      | Reached XP level 4. HP: 17/24 MP: 3/5
  1735 | D:3      | Reached skill level 1 in Air Magic
  2013 | D:3      | Found a radiant altar of Vehumet.
  2018 | D:3      | Found a glowing drain.
  2033 | D:3      | Reached XP level 5. HP: 27/28 MP: 4/6
  2042 | Sewer    | Entered a sewer
  2650 | D:3      | Reached skill level 1 in Armour
  3415 | D:4      | Noticed jacquesderrida's ghost (weakling DsNe)
  3451 | D:4      | Killed from afar by jacquesderrida's ghost

Skill      XL: |  1  2  3  4  5 |
---------------+----------------+-----
Stealth        | 3 |  3.0
Fighting       | 3 |  3.3
Air Magic      | 1 |  1.8
Dodging        | 3 |  3.1
Armour         | 1 |  1.0
Unarmed Combat | |  4.8
Spellcasting   | |  0.6

Action                   |  1- 3 |  4- 6 || total
-------------------------+-------+-------++-------
Melee: Unarmed           |   136 |   175 ||   311
       Bite              |    27 |    37 ||    64
       Punch             |     2 |     4 ||     6
 Cast: Repel Missiles    |       |     1 ||     1
 Stab: Sleeping          |     8 |     8 ||    16
       Distracted        |       |     2 ||     2
  Eat: Chunk             |       |     9 ||     9
Armor: Robe              |    38 |    25 ||    63
Dodge: Dodged            |    82 |   111 ||   193
